[Event "Titled Tuesday Blitz June 13 Early 2023"]
[White "Arencibia Monduy, Antonio"]
[Black "Starozhilov, Leonid"]
[WhiteFideId "3507939"]
[BlackFideId "14106752"]
[WhiteElo "2561"]
[BlackElo "2352"]
[Result "1-0"]
[Round "11"]
[TimeControl "180+2"]
[Date "2023.06.13"]
[WhiteClock "0:00:05"]
[BlackClock "0:00:00"]
[Board "60"]

1. e4 g6 2. Nf3 Bg7 3. d4 d6 4. h3 Nf6 5. Bd3 O-O 6. O-O Nc6 7. Re1 e5 8. c3 Re8 9. Bg5 h6 10. Bc1 Bd7 11. d5 Ne7 12. c4 Rf8 13. Nc3 Nh7 14. Nh2 f5 15. f3 h5 16. exf5 gxf5 17. f4 e4 18. Be2 h4 19. Be3 Ng6 20. Kh1 Kh8 21. Rg1 Bf6 22. Qd2 Qe7 23. Nf1 Rg8 24. Bh5 Rg7 25. Ne2 Rag8 26. Nd4 a6 27. a4 Ngf8 28. Rd1 Qd8 29. b3 Ng6 30. Bxg6 Rxg6 31. Bf2 Qe7 32. Ne3 Bxd4 33. Qxd4+ Qf6 34. Qxf6+ Nxf6 35. Bxh4 Nh5 36. Bg5 Rxg5 37. fxg5 f4 38. Ng4 Rxg5 39. Nf2 Ng3+ 40. Kh2 Re5 41. Rde1 Kg7 42. Nh1 Nh5 43. g4 Nf6 44. Nf2 f3 45. g5 Nh5 46. h4 Bf5 47. Nh3 Bxh3 48. Kxh3 Nf4+ 49. Kg4 Nd3 50. Ref1 Nc5 51. h5 Nxb3 52. h6+ Kh7 53. Kf4 Nd4 54. g6+ Kxh6 55. g7 Ne2+ 56. Ke3 Nxg1 57. g8=Q 1-0


[Site "https://www.chess.com"]

[Event "Titled Tuesday Blitz June 13 Early 2023"]
[White "Ovetchkin, Roman"]
[Black "Matinian, Nikita"]
[WhiteFideId "4119991"]
[BlackFideId "24129100"]
[WhiteElo "2398"]
[BlackElo "2422"]
[Result "1-0"]
[Round "11"]
[TimeControl "180+2"]
[Date "2023.06.13"]
[WhiteClock "0:00:27"]
[BlackClock "0:00:00"]
[Board "61"]

1. d4 g6 2. e4 Bg7 3. Nc3 d6 4. Be3 a6 5. g4 b5 6. Bg2 Bb7 7. g5 Nd7 8. a3 h5 9. f4 e5 10. Nf3 exf4 11. Bxf4 Ne7 12. O-O O-O 13. Qd3 c5 14. Bxd6 cxd4 15. Nd5 Bxd5 16. exd5 Nxd5 17. Bxf8 Qxf8 18. Nxd4 Nc5 19. Qd2 Nb6 20. Bxa8 Qxa8 21. c3 Nc4 22. Qf2 Ne5 23. Qg2 Qc8 24. Rae1 Ncd3 25. Re3 Nxb2 26. Qd5 Nbc4 27. Re4 Qh3 28. Ref4 Qe3+ 29. Kh1 Qxc3 30. Rxf7 Nxf7 31. Qxf7+ Kh7 32. Ne6 1-0


[Site "https://www.chess.com"]

[Event "Titled Tuesday Blitz June 13 Early 2023"]
[White "Rakotomaharo, Fy Antenaina"]
[Black "Garakov, Mikhael"]
[WhiteFideId "13100050"]
[BlackFideId "4169034"]
[WhiteElo "2427"]
[BlackElo "2347"]
[Result "1-0"]
[Round "11"]
[TimeControl "180+2"]
[Date "2023.06.13"]
[WhiteClock "0:00:05"]
[BlackClock "0:00:00"]
[Board "62"]

1. d4 c5 2. d5 g6 3. e4 Bg7 4. Nc3 d6 5. Bb5+ Bd7 6. a4 Nf6 7. Nf3 Bxb5 8. axb5 O-O 9. O-O Nbd7 10. Re1 Ne8 11. Nd2 Nb6 12. Nb3 Nc7 13. Na5 Rb8 14. Bg5 Re8 15. Qd2 Qd7 16. Qd3 a6 17. bxa6 Nxa6 18. Nc6 bxc6 19. dxc6 Qxc6 20. Rxa6 c4 21. Qe3 Qb7 22. Rea1 Nd7 23. R1a2 Bxc3 24. Ra7 Qb4 25. bxc3 Qb1+ 26. Qc1 Qxc1+ 27. Bxc1 Nc5 28. f3 Rb1 29. Ra1 Reb8 30. Kf2 Kg7 31. Be3 Ne6 32. Ke2 Rxa1 33. Rxa1 Rb2 34. Kd2 f5 35. exf5 gxf5 36. g4 fxg4 37. fxg4 Kf6 38. h4 Ke5 39. Rf1 Nc7 40. Rf5+ Ke6 41. Rh5 Nd5 42. Bd4 Rb1 43. Rh6+ Kd7 44. Rxh7 Rh1 45. g5 Rh2+ 46. Kc1 Nf4 47. Kb1 Kc6 48. Rxe7 Rxh4 49. Rf7 Ne6 50. Bf6 Rg4 51. Re7 Nc5 52. Re8 d5 53. Kb2 Rg3 54. Ka3 Ne4 55. Kb4 Nxf6 56. gxf6 Rf3 57. Re6+ Kd7 58. Ra6 Rf5 59. Kc5 Kc7 60. f7 1-0


[Site "https://www.chess.com"]

[Event "Titled Tuesday Blitz June 13 Early 2023"]
[White "Papasimakopoulos, Alexandros"]
[Black "Mamedov, Edgar"]
[WhiteFideId "4244125"]
[BlackFideId "13739980"]
[WhiteElo "2359"]
[BlackElo "2317"]
[Result "1-0"]
[Round "11"]
[TimeControl "180+2"]
[Date "2023.06.13"]
[WhiteClock "0:00:06"]
[BlackClock "0:00:01"]
[Board "63"]

1. f4 Nf6 2. Nf3 g6 3. b3 Bg7 4. Bb2 O-O 5. g3 d6 6. Bg2 Nbd7 7. O-O e5 8. fxe5 dxe5 9. Nxe5 Ng4 10. Nc4 Bxb2 11. Nxb2 Nde5 12. e3 Qg5 13. Nc3 Nxh2 14. Kxh2 Ng4+ 15. Kg1 Qh6 16. Rf3 Bd7 17. Nd3 Bc6 18. e4 f5 19. e5 Bxf3 20. Qxf3 Qxd2 21. Nd5 c6 22. N5f4 Qc3 23. Re1 Qxc2 24. e6 Rae8 25. Bh3 Qh2+ 26. Kf1 g5 27. Bxg4 gxf4 28. Bh5 Qh3+ 29. Kg1 fxg3 30. Bxe8 Rxe8 31. Nf4 Qh4 32. Re5 Rd8 33. Re1 Rd2 34. Ne2 Qh2+ 35. Kf1 f4 36. e7 Qh3+ 37. Qg2 Qh5 38. Nxf4 Rf2+ 39. Qxf2 Qh1+ 40. Ke2 Qe4+ 41. Kd2 gxf2 42. e8=Q+ 1-0


[Site "https://www.chess.com"]

[Event "Titled Tuesday Blitz June 13 Early 2023"]
[White "Rastbod, Ali"]
[Black "Golubev, Mikhail"]
[WhiteFideId "12567477"]
[BlackFideId "14100983"]
[WhiteElo "2281"]
[BlackElo "2374"]
[Result "1-0"]
[Round "11"]
[TimeControl "180+2"]
[Date "2023.06.13"]
[WhiteClock "0:00:07"]
[BlackClock "0:00:00"]
[Board "64"]

1. d4 Nf6 2. Bf4 d6 3. Nc3 Nbd7 4. Nf3 c5 5. d5 Qa5 6. Nd2 b5 7. e4 b4 8. Nb5 Qd8 9. Nc4 Nb6 10. Na5 a6 11. Nc6 Qd7 12. e5 Nfxd5 13. exd6 Qxc6 14. Nc7+ Nxc7 15. dxc7 Bd7 16. Be2 Rc8 17. Bf3 Qe6+ 18. Kf1 g5 19. Bg3 Bc6 20. Bg4 Qc4+ 21. Kg1 e6 22. Qd2 Qd5 23. Qxd5 Nxd5 24. Be5 Rg8 25. c4 1-0


[Site "https://www.chess.com"]

[Event "Titled Tuesday Blitz June 13 Early 2023"]
[White "benny_aizenberg"]
[Black "Yelisieiev, Yevhenii"]
[BlackFideId "14139642"]
[WhiteElo "2686"]
[BlackElo "2403"]
[Result "1-0"]
[Round "11"]
[TimeControl "180+2"]
[Date "2023.06.13"]
[WhiteClock "0:00:13"]
[BlackClock "0:00:03"]
[Board "65"]

1. g4 d6 2. g5 e5 3. h4 h6 4. g6 fxg6 5. d4 Nf6 6. dxe5 dxe5 7. Qxd8+ Kxd8 8. Nf3 Bd6 9. Nc3 Bf5 10. Be3 Bxc2 11. Rc1 Bf5 12. Nb5 Nc6 13. Bg2 Bb4+ 14. Kf1 a6 15. Na3 Nd5 16. Bc5 e4 17. Nd4 Bxc5 18. Nxc6+ bxc6 19. Rxc5 Kd7 20. Nc4 Rab8 21. b3 Rb5 22. Ne5+ Kc8 23. Rxc6 Nb4 24. Rc4 Nxa2 25. Nf7 Rf8 26. Nd6+ Kd7 27. Nxb5 axb5 28. Rd4+ Kc6 29. Bxe4+ Bxe4 30. Rxe4 Kd5 31. f3 c5 32. Kf2 Nc3 33. Re7 Ra8 34. Rxg7 Ra2 35. Re1 Ra6 36. Rd7+ Ke6 37. Rd3 b4 38. Ke3 Ra3 39. Rg1 Kf5 40. f4 Rxb3 41. Kf3 c4 42. Re3 Nd5 43. Rxb3 cxb3 44. Rb1 Nxf4 45. Rxb3 Nd5 46. e4+ Ke5 47. exd5 Kxd5 48. Rxb4 Ke5 49. Rb6 Kf5 50. h5 gxh5 51. Rxh6 Kg5 52. Rh8 h4 53. Kg2 Kg4 54. Kh2 h3 55. Rh7 Kf4 56. Kxh3 1-0


[Site "https://www.chess.com"]

[Event "Titled Tuesday Blitz June 13 Early 2023"]
[White "Maevsky, Nikolay"]
[Black "Manukian, Artak"]
[WhiteFideId "4198220"]
[BlackFideId "13301373"]
[WhiteElo "2021"]
[BlackElo "2130"]
[Result "1-0"]
[Round "11"]
[TimeControl "180+2"]
[Date "2023.06.13"]
[WhiteClock "0:00:07"]
[BlackClock "0:00:17"]
[Board "66"]

1. d4 d5 2. Nf3 Nf6 3. e3 Bg4 4. Nbd2 e6 5. h3 Bh5 6. g4 Bg6 7. Ne5 Nfd7 8. Nxg6 hxg6 9. c4 c6 10. Bg2 Bd6 11. b3 f5 12. Bb2 Nf6 13. Qe2 Nbd7 14. O-O-O Qa5 15. Kb1 Ba3 16. Ba1 Ne4 17. Nxe4 fxe4 18. f3 Nf6 19. fxe4 Nxe4 20. Bxe4 dxe4 21. Qc2 O-O-O 22. Qxe4 Kb8 23. Qxg6 Rhe8 24. Qxg7 e5 25. Qg5 Ka8 26. h4 b5 27. c5 exd4 28. Bxd4 Rd5 29. Qg6 Rc8 30. Qc2 Qd8 31. h5 Qg5 32. h6 Bxc5 33. h7 Bxd4 34. exd4 Rxd4 35. h8=Q Rxd1+ 36. Qxd1 Rxh8 37. Rxh8+ Kb7 38. Rd8 Qxg4 39. Qxg4 1-0


[Site "https://www.chess.com"]

[Event "Titled Tuesday Blitz June 13 Early 2023"]
[White "Kashlinskaya, Alina"]
[Black "Jovic, Stanoje"]
[WhiteFideId "4198026"]
[BlackFideId "905020"]
[WhiteElo "2383"]
[BlackElo "2236"]
[Result "0-1"]
[Round "11"]
[TimeControl "180+2"]
[Date "2023.06.13"]
[WhiteClock "0:01:22"]
[BlackClock "0:01:57"]
[Board "67"]

1. Nf3 Nf6 2. g3 b5 3. Bg2 Bb7 4. O-O c5 5. a4 b4 6. d3 d5 7. c3 a5 8. Nbd2 e6 9. Nb3 Nbd7 10. c4 Be7 11. Be3 O-O 12. Qc2 Rc8 13. h3 Re8 14. Rfd1 Bd6 15. Qd2 Qc7 16. Qe1 h6 17. Rac1 Bc6 18. Ra1 Ra8 19. Bd2 Nb6 20. Nh4 Bxa4 21. Bc1 Bxb3 0-1


[Site "https://www.chess.com"]

[Event "Titled Tuesday Blitz June 13 Early 2023"]
[White "Fiorito, Joaquin"]
[Black "Petukhov, Dmitry"]
[WhiteFideId "180173"]
[BlackFideId "4142748"]
[WhiteElo "2199"]
[BlackElo "2311"]
[Result "0-1"]
[Round "11"]
[TimeControl "180+2"]
[Date "2023.06.13"]
[WhiteClock "0:00:14"]
[BlackClock "0:00:14"]
[Board "68"]

1. d4 Nf6 2. c4 g6 3. Nc3 d5 4. Nf3 Bg7 5. h4 O-O 6. cxd5 Nxd5 7. h5 Bg4 8. Nh2 Bf5 9. hxg6 hxg6 10. e4 Nxc3 11. bxc3 Bxe4 12. Ng4 c5 13. Qd2 Re8 14. Nh6+ Kf8 15. Qf4 Bd5 16. c4 e5 17. Qg3 exd4+ 18. Kd1 Be6 19. Bd3 Nc6 20. Ng4 Qd7 21. Nh2 Ne5 22. Ba3 b6 23. Be4 Rad8 24. Bc1 d3 25. Nf1 Qd4 26. Qh4 Qxa1 27. Nd2 Qc3 28. Nb3 Qc2+ 29. Ke1 Nxc4 30. Kf1 Qd1# 0-1


[Site "https://www.chess.com"]

[Event "Titled Tuesday Blitz June 13 Early 2023"]
[White "Kumsiashvili, Nikoloz"]
[Black "Vyatkin, Dmitry"]
[WhiteFideId "13600621"]
[BlackFideId "4171900"]
[WhiteElo "2299"]
[BlackElo "2279"]
[Result "1-0"]
[Round "11"]
[TimeControl "180+2"]
[Date "2023.06.13"]
[WhiteClock "0:00:06"]
[BlackClock "0:00:00"]
[Board "69"]

1. Nf3 Nf6 2. c4 g6 3. Nc3 Bg7 4. e4 d6 5. d4 O-O 6. Be2 e5 7. O-O Nc6 8. d5 Ne7 9. Ne1 Nd7 10. Be3 f5 11. f3 f4 12. Bf2 g5 13. Nd3 Ng6 14. c5 Rf7 15. Rc1 Bf8 16. cxd6 Bxd6 17. b4 h5 18. Nc5 Nf6 19. Ne6 Bxe6 20. dxe6 Rg7 21. Qb3 Ne7 22. Kh1 h4 23. h3 Nh5 24. Rfd1 Ng3+ 25. Bxg3 hxg3 26. Nb5 Rg6 27. Nxc7 Rc8 28. Nb5 Rxc1 29. Rxc1 Qb6 30. Qd1 Bxb4 31. Qd7 Kg7 32. Nc7 Ba3 33. Rd1 Rh6 34. Bf1 Qf2 35. Qd2 Qb6 36. Qc2 g4 37. fxg4 f3 38. gxf3 Qe3 39. Ne8+ Kf8 40. Nd6 Qxf3+ 41. Kg1 Qe3+ 42. Kh1 Qf3+ 43. Kg1 Qe3+ 44. Kg2 Bxd6 45. Rxd6 1-0


[Site "https://www.chess.com"]

[Event "Titled Tuesday Blitz June 13 Early 2023"]
[White "Bruedigam, Martin"]
[Black "Chernobay, Artem"]
[WhiteFideId "24608033"]
[BlackFideId "4167406"]
[WhiteElo "2331"]
[BlackElo "2474"]
[Result "1-0"]
[Round "11"]
[TimeControl "180+2"]
[Date "2023.06.13"]
[WhiteClock "0:00:18"]
[BlackClock "0:00:00"]
[Board "70"]

1. d4 Nf6 2. c4 g6 3. f3 Bg7 4. e4 O-O 5. Nc3 d6 6. Be3 c5 7. d5 e6 8. Nge2 a6 9. Qd2 exd5 10. exd5 Re8 11. Kf2 Nbd7 12. Ng3 Ne5 13. Be2 b5 14. b3 h5 15. Rhe1 h4 16. Nf1 b4 17. Na4 Neg4+ 18. Kg1 Nxe3 19. Nxe3 Nh5 20. Bf1 Bd7 21. Ng4 Bxa4 22. bxa4 Bxa1 23. Rxa1 f5 24. Nf2 Qf6 25. Rd1 Rab8 26. Nh3 Kg7 27. Ng5 Kg8 28. a5 Ng7 29. Qf4 Nh5 30. Qxh4 f4 31. Qg4 b3 32. axb3 Rxb3 33. Ne4 Qf5 34. Nxd6 Qxg4 35. fxg4 Rd8 36. Ne4 Ng7 37. Nxc5 Ra3 38. d6 Ne8 39. Nb7 Rd7 40. c5 Rxb7 41. c6 Nxd6 42. cxb7 Nxb7 43. Bxa6 Nxa5 44. Rd7 Nc6 45. Bc4+ Kh8 46. h3 Ne5 47. Rd8+ Kg7 48. Bd5 Rd3 49. Kf2 Rd2+ 50. Ke1 Rd4 51. Ke2 Kf6 52. Kf2 Ke7 53. Rh8 Rxd5 54. h4 Kf6 55. g5+ 1-0


[Site "https://www.chess.com"]

[Event "Titled Tuesday Blitz June 13 Early 2023"]
[White "Orlov, Georgi"]
[Black "UNSTOPPABLE_LEGEND"]
[WhiteFideId "2011271"]
[WhiteElo "2622"]
[BlackElo "2477"]
[Result "1-0"]
[Round "11"]
[TimeControl "180+2"]
[Date "2023.06.13"]
[WhiteClock "0:00:27"]
[BlackClock "0:01:15"]
[Board "71"]

1. d4 Nf6 2. Nf3 g6 3. Bg5 Bg7 4. Nbd2 O-O 5. c3 d6 6. e4 c5 7. dxc5 dxc5 8. Qc2 Nc6 9. Be2 b6 10. O-O Bb7 11. Rfd1 Qc7 12. Nc4 Nh5 13. a4 Nf4 14. Bf1 Rad8 15. Ne3 h6 16. Bh4 g5 17. Bg3 e6 18. h4 Ne5 19. hxg5 Nxf3+ 20. gxf3 hxg5 21. a5 Bc6 22. axb6 axb6 23. Qb3 Ra8 24. Nc4 b5 25. Ne3 c4 26. Qb4 Rxa1 27. Rxa1 Rb8 28. Qc5 Bf6 29. Ra6 Rc8 30. Ng4 Be7 31. Qe5 Qxe5 32. Nxe5 Be8 33. Ra7 Bc5 34. Rb7 Ra8 35. Ng4 Kg7 36. Ne5 Ra1 37. Bxf4 gxf4 38. Kg2 Kf6 39. Ng4+ Kg5 40. Rb8 Bc6 41. Rg8+ Kh5 42. Ne5 Bb7 43. Nxf7 Rb1 44. Rg5+ Kh4 45. Rxc5 Rxb2 46. Nh8 e5 47. Rxe5 1-0


[Site "https://www.chess.com"]

[Event "Titled Tuesday Blitz June 13 Early 2023"]
[White "FunnyDuck66"]
[Black "Moral Garcia, Serafin"]
[BlackFideId "2201925"]
[WhiteElo "2460"]
[BlackElo "2274"]
[Result "1/2-1/2"]
[Round "11"]
[TimeControl "180+2"]
[Date "2023.06.13"]
[WhiteClock "0:00:13"]
[BlackClock "0:00:21"]
[Board "72"]

1. d4 Nf6 2. Nf3 g6 3. Bg5 Bg7 4. Nbd2 d5 5. e3 O-O 6. Be2 c5 7. c3 b6 8. O-O Nc6 9. a3 Bb7 10. b4 cxb4 11. axb4 a5 12. Qb3 axb4 13. cxb4 Qd6 14. b5 Na5 15. Qb2 Rfc8 16. Bf4 Qd7 17. Ne5 Qd8 18. Rfc1 Rxc1+ 19. Rxc1 Rc8 20. h3 e6 21. Rc3 Rxc3 22. Qxc3 Qc8 23. Qxc8+ Bxc8 24. Nd3 Bd7 25. Nb4 Bf8 26. Na6 Bc8 27. Nb8 Bb4 28. Nf3 Nd7 29. Na6 Be7 30. Kf1 Kf8 31. Ke1 Nc4 32. Bxc4 dxc4 33. Kd2 Bb7 34. Kc3 Bd5 35. Ne1 f6 36. f3 e5 37. Bg3 exd4+ 38. Kxd4 Be6 39. e4 Ba3 40. Nc2 Bb2+ 41. Ke3 Ke7 42. Nc7 Bf7 43. Kd2 Ne5 44. Ne3 c3+ 45. Kc2 Nc4 46. Ncd5+ Bxd5 47. Nxd5+ Ke6 48. Bf2 Na3+ 49. Kb3 Nxb5 50. Bxb6 f5 51. Ba5 fxe4 52. fxe4 Nd6 53. Bxc3 Bxc3 54. Nxc3 Ke5 55. Nd5 Kxe4 56. Nf6+ Kf4 57. Nxh7 Kg3 58. Nf6 Kxg2 59. h4 Kh3 60. h5 g5 61. h6 Nf7 62. h7 g4 63. Nxg4 Kxg4 64. Kc4 Kg5 65. Kd5 Kg6 66. Ke6 Kxh7 1/2-1/2


[Site "https://www.chess.com"]

[Event "Titled Tuesday Blitz June 13 Early 2023"]
[White "Jaskolka, Tomasz"]
[Black "Bryakin, Mikhail"]
[WhiteFideId "1170791"]
[BlackFideId "4165314"]
[WhiteElo "2155"]
[BlackElo "2464"]
[Result "0-1"]
[Round "11"]
[TimeControl "180+2"]
[Date "2023.06.13"]
[WhiteClock "0:01:16"]
[BlackClock "0:01:40"]
[Board "73"]

1. d4 c5 2. d5 e5 3. c4 d6 4. Nc3 Be7 5. e4 Bg5 6. Nf3 Bxc1 7. Qxc1 Nf6 8. Qg5 O-O 9. Bd3 a6 10. a4 Nbd7 11. O-O Re8 12. Nh4 Nf8 13. Nf5 Ng6 14. Ne2 h6 15. Qg3 Nh5 16. Qf3 Nhf4 17. Nxf4 exf4 18. Bc2 Qf6 19. b3 Bd7 20. g3 Qe5 21. gxf4 Nxf4 22. Kh1 Kh7 23. Rg1 g5 24. Rae1 Bxf5 25. exf5 Qxe1 26. f6+ Kh8 27. h4 Qe2 28. Qc3 Qxf2 29. hxg5 Re3 0-1


[Site "https://www.chess.com"]

[Event "Titled Tuesday Blitz June 13 Early 2023"]
[White "Haukenfrers, Dale"]
[Black "Kucuksari, Kaan"]
[WhiteFideId "2603780"]
[BlackFideId "6380166"]
[WhiteElo "2086"]
[BlackElo "2364"]
[Result "0-1"]
[Round "11"]
[TimeControl "180+2"]
[Date "2023.06.13"]
[WhiteClock "0:00:56"]
[BlackClock "0:01:45"]
[Board "74"]

1. c3 e5 2. d3 d5 3. Nf3 c5 4. e4 Nc6 5. Be2 Nf6 6. Nbd2 g6 7. O-O Bg7 8. Qc2 O-O 9. Re1 h6 10. Nf1 d4 11. Bd2 Be6 12. a3 a5 13. cxd4 cxd4 14. Rac1 a4 15. Qb1 Nd7 16. Ng3 Ra6 17. Bd1 Qe7 18. h3 Nc5 19. Bb4 Nxb4 20. axb4 Nb3 21. Bxb3 axb3 22. Rc5 b6 23. Rxe5 Bxe5 24. Nxe5 Qxb4 25. Kh2 Ra2 26. Re2 Rc8 27. f4 Rc2 28. Qf1 Rxe2 29. Qxe2 Qc3 30. f5 Qxb2 31. Qf3 Qxg2+ 32. Qxg2 Rxg2+ 33. Kxg2 b2 34. fxe6 fxe6 35. Nxg6 b1=Q 36. Kf3 Qc2 37. Ne5 b5 38. Kg4 b4 39. h4 b3 40. Kh5 b2 41. Kxh6 b1=Q 42. h5 Qg1 43. Nf5 Qd2+ 44. Ne3 Qdxe3# 0-1


[Site "https://www.chess.com"]

[Event "Titled Tuesday Blitz June 13 Early 2023"]
[White "Fus, Jakub"]
[Black "Peycheva, Gergana"]
[WhiteFideId "1193023"]
[BlackFideId "2916711"]
[WhiteElo "2335"]
[BlackElo "2216"]
[Result "1/2-1/2"]
[Round "11"]
[TimeControl "180+2"]
[Date "2023.06.13"]
[WhiteClock "0:01:16"]
[BlackClock "0:00:19"]
[Board "75"]

1. Nf3 d5 2. e3 Nf6 3. c4 c6 4. b3 Bf5 5. Bb2 e6 6. Nc3 h6 7. Be2 Be7 8. O-O O-O 9. d4 a5 10. Bd3 Bxd3 11. Qxd3 Na6 12. e4 Nb4 13. Qe2 dxe4 14. Nxe4 Nxe4 15. Qxe4 Bf6 16. a3 Na6 17. Rad1 Qb6 18. Rd3 Rad8 19. Rfd1 Qc7 20. g3 Nc5 21. dxc5 Bxb2 22. a4 Bf6 23. Kg2 Rxd3 24. Rxd3 Rd8 25. Ne1 Rd7 26. Rxd7 Qxd7 27. Nd3 Qd4 28. Qxd4 Bxd4 29. f4 Kf8 30. Kf3 Ke7 31. Ke4 Bg1 32. h3 f5+ 33. Kf3 Bd4 34. g4 g6 35. Kg2 Kf6 36. Kf3 e5 37. fxe5+ Bxe5 38. b4 axb4 39. Nxb4 Bd4 40. a5 Bxc5 41. a6 bxa6 42. Nxa6 Bd6 43. c5 Be7 44. Nb4 Bxc5 45. Nxc6 fxg4+ 46. hxg4 Kg5 47. Ne5 h5 48. gxh5 gxh5 49. Kg2 Be3 50. Ng6 1/2-1/2


[Site "https://www.chess.com"]

[Event "Titled Tuesday Blitz June 13 Early 2023"]
[White "Veiga, Jose Francisco R P Neves"]
[Black "Ai, Evan"]
[WhiteFideId "1930087"]
[BlackFideId "2094770"]
[WhiteElo "2319"]
[BlackElo "1963"]
[Result "1-0"]
[Round "11"]
[TimeControl "180+2"]
[Date "2023.06.13"]
[WhiteClock "0:00:37"]
[BlackClock "0:00:22"]
[Board "76"]

1. d4 Nf6 2. Nf3 e6 3. Bg5 d5 4. Nbd2 c5 5. c3 h6 6. Bxf6 Qxf6 7. e4 cxd4 8. e5 Qd8 9. cxd4 Nc6 10. Bd3 Qb6 11. Nb3 a5 12. O-O Bd7 13. Rc1 Nb4 14. Bb1 Bb5 15. Re1 Nc6 16. Nc5 Nxd4 17. Qxd4 Rc8 18. Nxe6 Qxe6 19. Rxc8+ Qxc8 20. e6 fxe6 21. Qxd5 Bd7 22. Qh5+ Kd8 23. Ne5 Bb4 24. Rd1 g6 25. Qxg6 Bd6 26. Nf7+ Ke7 27. Nxd6 Qf8 28. Nxb7 Rg8 29. Qe4 Rg5 30. h4 Rg7 31. Nc5 Bb5 32. Qxe6# 1-0


[Site "https://www.chess.com"]

[Event "Titled Tuesday Blitz June 13 Early 2023"]
[White "Iskusnyh, Sergei"]
[Black "Rodchenkov, Sergey D."]
[WhiteFideId "4120027"]
[BlackFideId "4168712"]
[WhiteElo "2492"]
[BlackElo "2277"]
[Result "1-0"]
[Round "11"]
[TimeControl "180+2"]
[Date "2023.06.13"]
[WhiteClock "0:00:47"]
[BlackClock "0:00:39"]
[Board "77"]

1. d4 d5 2. c4 dxc4 3. e3 Nf6 4. Bxc4 e6 5. Nf3 a6 6. O-O c5 7. Nc3 b5 8. Be2 Bb7 9. dxc5 Bxc5 10. Qxd8+ Kxd8 11. Nd2 Nbd7 12. Nb3 Bd6 13. f3 Bc7 14. e4 Bb6+ 15. Kh1 Ke7 16. a4 b4 17. a5 Ba7 18. Na2 Nc5 19. Nxc5 Bxc5 20. Bd2 Rhd8 21. Rfd1 b3 22. Nc1 Rab8 23. Nxb3 Bd6 24. Be3 Nd7 25. Nd2 f6 26. Nc4 Bc7 27. Nb6 Ne5 28. Kg1 g5 29. Kf2 h6 30. b4 f5 31. exf5 exf5 32. Bc5+ Ke6 33. Nc4 Ng6 34. Re1 Kf6 35. Rad1 Nf4 36. Bf1 Bd5 37. Nb6 Bxb6 38. axb6 Bb7 39. Be7+ 1-0


[Site "https://www.chess.com"]

[Event "Titled Tuesday Blitz June 13 Early 2023"]
[White "Schnaider, Ilan"]
[Black "Sharapov, Evgeny"]
[WhiteFideId "169013"]
[BlackFideId "14103133"]
[WhiteElo "2224"]
[BlackElo "2367"]
[Result "1-0"]
[Round "11"]
[TimeControl "180+2"]
[Date "2023.06.13"]
[WhiteClock "0:00:03"]
[BlackClock "0:00:00"]
[Board "78"]

1. e4 c5 2. Nf3 d6 3. Bb5+ Bd7 4. Bxd7+ Qxd7 5. c4 Nf6 6. Nc3 g6 7. d4 cxd4 8. Nxd4 Bg7 9. O-O O-O 10. f3 Rc8 11. b3 d5 12. exd5 Nxd5 13. Nxd5 e6 14. Bh6 exd5 15. Bxg7 Kxg7 16. Qe2 dxc4 17. Rad1 Nc6 18. Nb5 Qe7 19. Qxc4 Ne5 20. Qe2 Qc5+ 21. Kh1 a6 22. Nd6 Rc7 23. Ne4 Qb5 24. Qb2 f6 25. Nxf6 Kxf6 26. f4 Kg7 27. fxe5 Re8 28. e6+ Kg8 29. a4 Qg5 30. Rd7 Rxd7 31. exd7 Rd8 32. Qd4 Qe7 33. Qd5+ Kg7 34. Rd1 b6 35. h3 a5 36. Qd4+ Qf6 37. Qe4 h5 38. Qb7 h4 39. Qc7 Kf7 40. Qc4+ Kg7 41. Rf1 Qe7 42. Qd4+ Kg8 43. Rd1 Kh7 44. Qg4 Qf6 45. Qc4 Qe7 46. Qc6 Qc5 47. Qxc5 bxc5 48. Rd5 1-0


[Site "https://www.chess.com"]

[Event "Titled Tuesday Blitz June 13 Early 2023"]
[White "Skliarov, Viktor"]
[Black "Bilan, Danila"]
[WhiteFideId "14106736"]
[BlackFideId "24161918"]
[WhiteElo "2317"]
[BlackElo "2146"]
[Result "1-0"]
[Round "11"]
[TimeControl "180+2"]
[Date "2023.06.13"]
[WhiteClock "0:00:31"]
[BlackClock "0:00:01"]
[Board "79"]

1. e4 c6 2. d4 d5 3. e5 c5 4. dxc5 Nc6 5. f4 Bf5 6. Nf3 e6 7. Be3 Nh6 8. c3 Be7 9. Nd4 Bh4+ 10. g3 Be4 11. Nxc6 bxc6 12. Rg1 Be7 13. Nd2 Bg6 14. Nb3 O-O 15. Bd3 Bxd3 16. Qxd3 Qc7 17. O-O-O a5 18. g4 a4 19. Na1 Qa5 20. f5 Bxc5 21. Bxh6 gxh6 22. Rg2 Qd8 23. f6 Kh8 24. Nc2 Rg8 25. h4 Qb6 26. Ne1 a3 27. b3 Bf8 28. Kc2 c5 29. c4 Rd8 30. Nf3 h5 31. Ng5 Rg6 32. Nxf7+ Kg8 33. Nxd8 Qxd8 34. cxd5 exd5 35. Qxd5+ Qxd5 36. Rxd5 Kf7 37. g5 Ke6 38. Rd8 Rxf6 39. exf6 1-0


[Site "https://www.chess.com"]

[Event "Titled Tuesday Blitz June 13 Early 2023"]
[White "Portela Peleteiro, Alberto"]
[Black "Khamdamova, Afruza"]
[WhiteFideId "22276106"]
[BlackFideId "14210444"]
[WhiteElo "2353"]
[BlackElo "2312"]
[Result "0-1"]
[Round "11"]
[TimeControl "180+2"]
[Date "2023.06.13"]
[WhiteClock "0:02:06"]
[BlackClock "0:00:54"]
[Board "80"]

1. e4 e5 2. Bc4 Nf6 3. d3 Nc6 4. Nc3 Bc5 5. f4 d6 6. f5 h5 7. Bg5 Bd7 8. a3 Bd4 9. Nge2 Bc5 10. Ng3 h4 11. Nh5 O-O 12. Nxf6+ gxf6 13. Bxh4 d5 14. Bxd5 Nd4 15. Qg4+ Kh7 16. Qh5+ Kg7 17. Qg6+ fxg6 0-1


[Site "https://www.chess.com"]

[Event "Titled Tuesday Blitz June 13 Early 2023"]
[White "Deng, Henry"]
[Black "Ladan, Nicholas"]
[WhiteFideId "30965454"]
[BlackFideId "30918855"]
[WhiteElo "2564"]
[BlackElo "2167"]
[Result "1/2-1/2"]
[Round "11"]
[TimeControl "180+2"]
[Date "2023.06.13"]
[WhiteClock "0:01:15"]
[BlackClock "0:00:07"]
[Board "81"]

1. e4 e5 2. Nf3 Nc6 3. d4 exd4 4. Bc4 Nf6 5. e5 d5 6. Bb5 Ne4 7. Nxd4 Bc5 8. O-O O-O 9. Bxc6 bxc6 10. f3 Ng5 11. f4 Ne4 12. Be3 Bd7 13. Nd2 Rb8 14. Rb1 Nxd2 15. Qxd2 Bb6 16. c3 c5 17. Nf3 Bf5 18. Rbd1 c6 19. h3 h5 20. Qf2 c4 21. Rd2 Be4 22. Ng5 Bd3 23. Re1 c5 24. Bxc5 Bxc5 25. Qxc5 Qb6 26. Qxb6 Rxb6 27. b4 a5 28. a3 axb4 29. axb4 Ra8 30. Nf3 Ra3 31. Rc1 f6 32. Nd4 Rba6 33. Kf2 Kf7 34. Ke3 g5 35. exf6 gxf4+ 36. Kxf4 Rxf6+ 37. Ke5 Ra8 38. Kxd5 Rd8+ 39. Kc5 Rc8+ 40. Kd5 Rd8+ 41. Ke5 Re8+ 42. Kd5 Rd8+ 1/2-1/2


[Site "https://www.chess.com"]

[Event "Titled Tuesday Blitz June 13 Early 2023"]
[White "Vovk, Orest"]
[Black "Zaitsev, Alexander"]
[WhiteFideId "14113490"]
[BlackFideId "4164490"]
[WhiteElo "2215"]
[BlackElo "2373"]
[Result "1-0"]
[Round "11"]
[TimeControl "180+2"]
[Date "2023.06.13"]
[WhiteClock "0:00:40"]
[BlackClock "0:00:00"]
[Board "82"]

1. g4 e5 2. Bg2 Ne7 3. d4 exd4 4. Nf3 c5 5. c3 dxc3 6. Nxc3 d5 7. e4 d4 8. Nd5 Nxd5 9. exd5 Qxd5 10. h3 Be7 11. O-O O-O 12. Re1 Nc6 13. Ne5 Qd6 14. Nxc6 bxc6 15. Qf3 Be6 16. Bf4 Qd5 17. Qxd5 cxd5 18. Bxd5 Rad8 19. Bxe6 fxe6 20. Rxe6 Rxf4 21. Rxe7 d3 22. Rd1 Rc4 23. Rxa7 Rc2 24. b3 d2 25. Kf1 Rc1 26. Ke2 Rc2 27. a4 Rb2 28. a5 Rxb3 29. Rxd2 Rxd2+ 30. Kxd2 Rxh3 31. Rc7 Rf3 32. a6 Rxf2+ 33. Ke3 Ra2 34. a7 h5 35. Rc8+ Kh7 36. a8=Q Rxa8 37. Rxa8 h4 38. Kf4 1-0


[Site "https://www.chess.com"]